Map: Neon Violet Square LE

Players

RiSky - Winner!

  • Race: Zerg Zerg
  • League: Master
  • Spawn Location: 5:00

IlIlIlIlIlIl (Naniwa)

  • Race: Protoss Protoss
  • League: Master
  • Spawn Location: 11:00

VOD

Have the link to the VOD?

Description

Time

  • Played on: Nov. 19, 2017, 12:33 p.m.
  • Length: 12:37
Show
View Real Time Build Order
Export as new Build Order

RiSky Zerg - Winner!

Build Orders: Hatch First 

Get SALT Encoding   

  12  0:00  Drone  
  13  0:13  Overlord  
  13  0:17  Drone  
  14  0:31  Drone x2  
  14  0:34  Drone  
  17  0:52  Hatchery  
  17  0:55  Drone  
  17  0:58  Drone  
  18  1:09  Extractor  
  17  1:14  Spawning Pool  
  17  1:17  Drone  
  17  1:20  Drone  
  18  1:28  Drone  
  19  1:38  Overlord  
  19  1:49  Drone  
  20  2:00  Queen  
  20  2:01  Zergling x2  
  23  2:03  Queen  
  23  2:04  Zergling x2  
  26  2:09  Metabolic Boost  
  26  2:11  Drone  
  26  2:15  Drone  
  28  2:22  Drone  
  29  2:25  Drone  
  30  2:33  Drone  
  31  2:40  Hatchery  
  31  2:42  Drone  
  31  2:44  Drone  
  31  2:49  Overlord  
  32  2:58  Overlord  
  32  3:08  Zergling x2  
  32  3:09  Drone  
  32  3:10  Drone  
  33  3:17  Drone  
  33  3:19  Overlord, Drone  
  35  3:21  Drone  
  35  3:23  Drone x2  
  35  3:24  Drone  
  39  3:31  Evolution Chamber  
  39  3:32  Drone x2  
  40  3:37  Queen  
  42  3:43  Drone  
  42  3:44  Drone x2  
  42  3:46  Drone  
  42  3:48  Queen  
  46  3:50  Drone  
  46  3:51  Overlord  
  49  3:55  Zergling x2  
  49  3:56  Zergling x4  
  49  3:57  Zergling x2  
  49  4:00  Zerg Melee Weapons Level 1  
  53  4:04  Zergling x4  
  53  4:09  Queen  
  57  4:12  Zergling x2  
  58  4:20  Overlord  
  58  4:36  Overlord  
  58  4:38  Queen x2  
  58  4:40  Drone  
  58  4:41  Overlord, Drone x3  
  66  4:48  Extractor  
  66  4:49  Extractor  
  66  4:52  Overlord  
  66  4:54  Drone x3  
  66  4:55  Drone x4  
  66  4:59  Drone  
  73  5:00  Overlord  
  73  5:02  Drone  
  73  5:03  Drone  
  73  5:04  Drone  
  73  5:05  Drone  
  75  5:16  Extractor, Drone  
  75  5:17  Lair  
  75  5:18  Drone  
  75  5:19  Drone x2  
  77  5:22  Overlord  
  77  5:23  Drone  
  77  5:24  Drone  
  77  5:27  Extractor  
  78  5:29  Overlord  
  78  5:31  Drone  
  79  5:36  Drone  
  79  5:37  Hatchery  
  79  5:39  Drone  
  79  5:40  Extractor, Drone  
  79  5:41  Hatchery  
  79  5:47  Drone x2  
  79  5:48  Drone x3  
  79  5:49  Drone  
  85  5:50  Drone  
  85  5:51  Drone  
  85  5:52  Overlord  
  87  5:59  Zergling x10  
  87  6:04  Drone  
  92  6:05  Spore Crawler  
  91  6:15  Drone x2  
  93  6:19  Hydralisk Den  
  93  6:20  Zerg Melee Weapons Level 2, Drone  
  93  6:22  Evolution Chamber, Baneling Nest, Drone  
  93  6:24  Drone  
  93  6:25  Drone  
  94  6:26  Drone x2  
  96  6:33  Overlord  
  96  6:46  Drone, Overseer  
  97  6:47  Pneumatized Carapace  
  97  6:52  Muscular Augments, Hydralisk x9  
  115  7:00  Hydralisk x3  
  121  7:04  Drone x3  
  121  7:05  Drone  
  121  7:06  Extractor x2  
  123  7:09  Drone  
  123  7:12  Drone  
  123  7:13  Drone x4  
  123  7:14  Overlord  
  128  7:16  Drone  
  128  7:19  Drone  
  128  7:21  Overlord  
  128  7:22  Drone  
  131  7:25  Drone x2  
  131  7:27  Zerg Missile Weapons Level 1  
  131  7:28  Overlord  
  131  7:29  Drone  
  134  7:31  Drone  
  134  7:33  Overlord  
  134  7:35  Overlord  
  135  7:44  Infestation Pit, Drone x2  
  137  7:45  Zergling x2, Lurker Den  
  137  7:46  Spore Crawler x2, Zergling x8  
  137  7:47  Spore Crawler  
  137  7:50  Zergling x4  
  137  7:51  Zergling x6  
  142  7:55  Zergling x2  
  142  7:56  Zergling x8  
  147  7:58  Spore Crawler  
  147  8:03  Zergling x2  
  147  8:04  Zergling x12  
  151  8:06  Zergling x2  
  151  8:07  Zergling x4  
  151  8:09  Spore Crawler  
  151  8:12  Spore Crawler x2  
  148  8:20  Pathogen Glands  
  148  8:30  Spore Crawler x2  
  148  8:33  Hive  
  146  8:36  Drone x2  
  146  8:37  Spore Crawler  
  146  8:38  Zerg Ground Armor Level 1  
  146  8:40  Drone x3  
  150  8:43  Spore Crawler, Overlord  
  150  8:44  Spore Crawler  
  148  9:00  Infestor x9  
  166  9:03  Hatchery  
  166  9:06  Hydralisk x2  
  169  9:10  Baneling  
  169  9:12  Hydralisk x3  
  175  9:18  Hydralisk x3  
  175  9:23  Hydralisk x3  
  186  9:40  Spore Crawler x2  
  186  9:42  Overlord x2  
  184  9:46  Hydralisk x3  
  189  9:55  Adaptive Talons  
  187  10:00  Overlord  
  187  10:04  Overlord  
  186  10:07  Hydralisk x2  
  186  10:08  Hydralisk x3  
  186  10:11  Overlord  
  195  10:16  Hydralisk  
  195  10:17  Hydralisk  
  199  10:25  Overseer  
  199  10:30  Spore Crawler  
  199  10:31  Spore Crawler x2  
  196  10:36  Hydralisk x2  
  200  10:50  Baneling x4  
  200  10:51  Centrifical Hooks  
  200  10:54  Spore Crawler  
  200  10:55  Spore Crawler x2  
  200  10:56  Spore Crawler  
  196  10:58  Burrow  
  170  11:14  Hydralisk x15  
  161  11:21  Lurker  
  161  11:22  Hydralisk x6  
  166  11:29  Hydralisk x2  
  166  11:32  Hydralisk x2  
  172  11:39  Drone x2  
  177  11:40  Extractor, Drone x3  
  177  11:42  Extractor, Hydralisk x3  
  183  11:53  Lurker  
  184  11:54  Hydralisk x3  
  184  11:59  Hydralisk x2  
  184  12:00  Hydralisk  
  195  12:06  Hydralisk x2  
Show
View Real Time Build Order
Export as new Build Order

IlIlIlIlIlIl Protoss 

Build Orders: 1 Gate Expand 

Get SALT Encoding   

  12  0:01  Probe  
  13  0:13  Probe  
  14  0:22  Pylon  
  14  0:25  Probe  
  15  0:40  Probe (Chrono Boost)  
  15  0:41  Gateway  
  16  0:49  Assimilator  
  17  0:52  Probe (Chrono Boost)  
  17  0:54  Probe (Chrono Boost)  
  18  1:07  Probe (Chrono Boost)  
  19  1:13  Probe (Chrono Boost)  
  20  1:25  Nexus  
  20  1:35  Cybernetics Core  
  20  1:38  Probe  
  21  1:46  Assimilator  
  21  1:50  Probe  
  21  1:53  Pylon  
  22  2:02  Probe  
  23  2:12  Stalker (Chrono Boost), Warp Gate  
  23  2:14  Probe  
  26  2:26  Probe  
  26  2:28  Robotics Facility  
  27  2:36  Stalker  
  29  2:41  Probe (Chrono Boost)  
  30  2:47  Probe (Chrono Boost)  
  32  2:52  Probe x2 (Chrono Boost)  
  32  2:56  Probe  
  33  3:03  Probe  
  34  3:08  Probe  
  35  3:13  Stalker  
  35  3:15  Probe  
  35  3:18  Warp Prism (Chrono Boost)  
  40  3:20  Probe  
  41  3:27  Pylon  
  41  3:28  Probe  
  41  3:32  Probe  
  43  3:38  Gateway  
  43  3:40  Gateway  
  43  3:44  Observer  
  43  3:48  Probe x2 (Chrono Boost)  
  48  3:58  Probe x2 (Chrono Boost), Pylon  
  48  4:03  Probe  
  49  4:10  Probe  
  49  4:12  Pylon  
  49  4:15  Probe  
  51  4:19  Adept  
  53  4:24  Probe  
  53  4:25  Pylon  
  53  4:27  Assimilator, Probe  
  53  4:29  Assimilator  
  54  4:39  Adept  
  54  4:43  Nexus, Probe x2  
  58  4:56  Warp Prism (Chrono Boost)  
  58  4:58  Probe  
  58  4:59  Probe  
  54  5:02  Stalker x3  
  60  5:08  Pylon  
  60  5:13  Probe x2  
  62  5:26  Pylon  
  62  5:30  Probe x2  
  62  5:33  Stargate  
  64  5:35  Sentry, Stargate  
  64  5:39  Stargate  
  64  5:42  Probe x2  
  68  5:43  Assimilator  
  68  5:44  Pylon  
  68  5:47  Assimilator  
  68  5:54  Probe x2, Pylon  
  70  6:00  Pylon  
  68  6:12  Probe x3  
  68  6:15  Pylon  
  68  6:16  Oracle (Chrono Boost)  
  74  6:20  Stalker x2, Oracle (Chrono Boost)  
  74  6:21  Oracle (Chrono Boost)  
  82  6:38  Pylon  
  82  6:41  Stargate  
  82  6:42  Protoss Air Weapons Level 1  
  82  6:45  Probe x3  
  85  6:47  Oracle x3 (Chrono Boost)  
  94  6:57  Probe  
  103  7:24  Oracle (Chrono Boost)  
  103  7:31  Oracle x3 (Chrono Boost)  
  103  7:35  Nexus  
  103  7:36  Pylon  
  106  7:39  Pylon  
  106  7:44  Oracle  
  106  7:50  Forge  
  106  7:51  Oracle, Pylon  
  112  7:57  Adept x2  
  115  7:59  Adept  
  115  8:02  Probe x3  
  113  8:13  Oracle (Chrono Boost)  
  116  8:20  Oracle (Chrono Boost)  
  116  8:23  Oracle (Chrono Boost)  
  115  8:28  Oracle (Chrono Boost)  
  118  8:39  Assimilator  
  118  8:43  Assimilator  
  118  8:46  Photon Cannon  
  118  8:48  Photon Cannon  
  118  8:50  Photon Cannon  
  118  8:52  Photon Cannon  
  118  8:53  Stalker  
  118  8:54  Photon Cannon  
  120  8:57  Shield Battery  
  120  8:58  Oracle x2 (Chrono Boost)  
  120  8:59  Shield Battery, Pylon  
  129  9:05  Oracle (Chrono Boost)  
  132  9:11  Oracle (Chrono Boost)  
  132  9:20  Pylon  
  132  9:22  Oracle x2  
  138  9:43  Zealot x2  
  139  9:53  Oracle (Chrono Boost)  
  139  9:54  Zealot  
  139  9:55  Oracle (Chrono Boost)  
  139  9:56  Probe x3  
  139  9:57  Oracle (Chrono Boost)  
  139  9:58  Oracle (Chrono Boost)  
  155  10:28  Oracle x3 (Chrono Boost)  
  164  10:33  Oracle (Chrono Boost)  
  173  10:57  Oracle (Chrono Boost)  
  173  10:59  Oracle (Chrono Boost)  
  152  11:14  Oracle x2 (Chrono Boost)  
  102  11:29  Oracle (Chrono Boost)  
  102  11:30  Stargate  
  102  11:31  Stargate  
  102  11:32  Stargate  
  105  11:36  Oracle  
  108  11:45  Oracle x2  
  114  11:55  Oracle  
  117  12:09  Nexus  
  115  12:30  Adept x3  
Tags
 
Add a new tag
Caveats
  • Supply blocks, unpowered buildings, or Contaminate may cause inaccurate times.
  • Supply counts are checked every 10 seconds.